 Dungeon Crawl Stone Soup version 0.30-a0-629-gd54f4be4f7 (webtiles) character file.

Game seed: 16741086235751599838

195 bmack86 the Chopper (level 5, -3/47 HPs)
             Began as a Minotaur Fighter on Jan 13, 2023.
             Killed from afar by Ijyb (23 damage)
             ... with a bolt of acid
             ... on level 3 of the Dungeon.
             The game lasted 00:04:21 (1442 turns).

bmack86 the Chopper (Minotaur Fighter)              Turns: 1442, Time: 00:04:22

Health: -3/47      AC:  3    Str: 22    XL:     5   Next: 45%
Magic:  4/4        EV:  9    Int:  5    God:
Gold:   124        SH:  4    Dex: 10    Spells: 4/4 levels left

rFire   . . .      SeeInvis .    a - +0 war axe
rCold   . . .      Faith    .    c - +0 buckler
rNeg    . . .      Spirit   .    b - +0 scale mail
rPois   .          Reflect  .    (helmet restricted)
rElec   .          Harm     .    (no cloak)
rCorr   .          Rampage  .    (no gloves)
Will    .....                    (no boots) Stlth
                                 (no amulet)
HPRegen 0.27/turn                (no ring)
MPRegen 0.09/turn                (no ring)

@: corroded
A: horns 2, retaliatory headbutt
a: no special abilities


You were on level 3 of the Dungeon.
You visited 1 branch of the dungeon, and saw 3 of its levels.

You collected 124 gold pieces.

Inventory:

Hand Weapons
 a - a +0 war axe (weapon)
Missiles
 f - 2 boomerangs (quivered)
Armour
 b - a +0 scale mail (worn)
 c - a +0 buckler (worn)
Jewellery
 i - a ring of fire
Wands
 n - a wand of roots (3)
Scrolls
 g - 2 scrolls of vulnerability {unknown}
 h - 2 scrolls of teleportation
 k - a scroll of enchant armour {unknown}
 l - a scroll of fear {unknown}
 o - a scroll of immolation {unknown}
Potions
 d - 2 potions of might
 e - a potion of brilliance
 j - a potion of attraction
 m - a potion of curing


   Skills:
 + Level 4.6 Fighting
 * Level 4.7 Axes
 + Level 0.1 Throwing
 + Level 4.6 Armour
 + Level 4.6 Shields


You had 4 spell levels left.
You didn't know any spells.
Your spell library contained the following spells:

 Spells                   Type           Power      Damage    Failure   Level
 Necrotise                Necr           0%         1d4       86%         1
 Ignite Poison            Fire/Tmut/Pois 0%         N/A       99%         3
 Kindle Blastsparks       Fire/Tloc/Air  0%         2d10      99%         3
 Vampiric Draining        Necr           0%         2d6       99%         3
 Agony                    Necr           0%         N/A       100%        5
 Freezing Cloud           Conj/Ice/Air   0%         6-21      100%        5


Dungeon Overview and Level Annotations

Branches:
Dungeon (3/15)

Altars:

Annotations:
D:3 Ijyb


Innate Abilities, Weirdness & Mutations

You have a pair of horns on your head.
You reflexively headbutt those who attack you in melee.


Message History

You see here a jackal corpse.
You barely miss the jackal. You headbutt the jackal.
You kill the jackal!
A goblin comes into view. It is wielding a +0 club.
The goblin shouts!
You hear a bark!
A ball python comes into view.
The ball python hisses angrily.
You see here a jackal corpse.
Unknown command.
A jackal comes into view.
The jackal barks!
The jackal bites you but does no damage.
The jackal completely misses you.
You slash the goblin!
You kill the goblin!
You closely miss the jackal. The jackal bites you. x2
You hit the ball python.
You kill the ball python!
You slash the jackal!
You kill the jackal!
Things that are here:
a +0 club; a ball python corpse
Found a stone staircase leading down.
You now have 124 gold pieces (gained 10).
Ijyb the Twisted Goblin comes into view.
She is wielding a +0 club and carrying a wand of acid (9).
Ijyb zaps a wand.
The bolt of acid misses you.
Ijyb zaps a wand.
The bolt of acid hits you! The acid corrodes you! Ijyb hits you with a +0 club.
You closely miss Ijyb. Ijyb hits you with a +0 club.
You closely miss Ijyb. You headbutt Ijyb.
Ijyb is lightly wounded.
Ijyb zaps a wand.
The bolt of acid hits you!
You closely miss Ijyb.
Ijyb is lightly wounded.
Ijyb barely misses you.
You closely miss Ijyb. You headbutt Ijyb, but do no damage.
Ijyb is lightly wounded.
Ijyb screams, "Die!"
Ijyb zaps a wand.
The bolt of acid hits you!!
You die...

#..######...# ..# #..#
##.##.# #.# #..#
#...#.# #.#
#..###.###..## #.#
#.....# ##... #.#
##.....###..#. #.#
#..#.#.#.#.†. #g#
#.)##......†# #@#
#..##.##.##†#
#.####.####..##.#...#..
#........>..........†.#
#########.#.....#....)#
#.#...#.##.##..
#^#............
#.#......##..#.
#.#......#...#.
#.#.##.#.......


You could see Ijyb.

Vanquished Creatures
  Terence (D:2)
  Natasha (thrice) (D:2)
  Robin (D:2)
  An adder (D:3)
  A worm (D:2)
  A dart slug (D:2)
  An orc (D:3)
  6 ball pythons
  2 endoplasms
  4 giant cockroaches
  16 goblins
  5 hobgoblins
  3 jackals (D:3)
  3 quokkas
  4 bats
  4 frilled lizards
  6 kobolds
  3 rats
65 creatures vanquished.

Notes
Turn   | Place    | Note
-------+----------+-------------------------------------------
     0 | D:1      | bmack86 the Minotaur Fighter began the quest for the Orb.
     0 | D:1      | Reached XP level 1. HP: 19/19 MP: 0/0
    63 | D:1      | Reached XP level 2. HP: 25/27 MP: 1/1
   612 | D:2      | Noticed Natasha
   617 | D:2      | Noticed a crimson imp
   624 | D:2      | Noticed a crimson imp
   624 | D:2      | Killed Natasha
   625 | D:2      | Reached XP level 3. HP: 8/33 MP: 2/2
   759 | D:2      | Identified the +3 ring mail of the Aged Stories {*Slow rC+
                  | SInv}
   809 | D:2      | Noticed Robin
   820 | D:2      | Reached XP level 4. HP: 29/40 MP: 3/3
   824 | D:2      | Killed Robin
   857 | D:2      | Noticed Terence
   866 | D:2      | Killed Terence
   997 | D:2      | Noticed Natasha
  1002 | D:2      | Killed Natasha
  1003 | D:2      | Reached XP level 5. HP: 41/47 MP: 4/4
  1124 | D:2      | Noticed Natasha
  1131 | D:2      | Killed Natasha
  1435 | D:3      | Noticed Ijyb
  1442 | D:3      | Killed from afar by Ijyb

Illustrated notes

Levels and vault maps discovered:
D:1:      dpeg_arrival_lava_temple_mockup, layout_rooms, serial_corexii_hall,
          corexii_hall_statues_i, corexii_hall_statues_l,
          chequers_serial_rivers_small_b, hex_large, nrook_mini_backslash
D:2:      layout_rooms, uniq_robin, uniq_natasha, uniq_terence
D:3:      cheibrodos_thug_alley, layout_loops_ring, serial_shops,
          nicolae_shop_statue_plus, hangedman_decor_clover_reticule, uniq_ijyb

Skill      XL: |  1  2  3  4 |
---------------+-------------+-----
Axes           | 3 4 |  4.7
Fighting       | 4 |  4.6
Armour         | 4 |  4.6
Shields        | 4 |  4.6
Throwing       | |  0.1

Action                   |  1- 3 |  4- 6 || total
-------------------------+-------+-------++-------
Melee: War axe           |    73 |    47 ||   120
       Headbutt          |     8 |     8 ||    16
Throw: Boomerang         |       |     1 ||     1
  Use: Scroll            |     1 |     3 ||     4
Armor: Scale mail        |    50 |    18 ||    68
Dodge: Dodged            |    31 |    25 ||    56
Block: Buckler           |    21 |    13 ||    34

Table legend: (Time is in decaauts)
 A = Elapsed time spent in this place.
 B = Non-inter-level travel time spent in this place.
 C = Inter-level travel time spent in this place.
 D = Time resting spent in this place.
 E = Time spent auto-exploring this place.
 F = Levels seen in this place.
 G = Mean time per level.
                   A        B        C        D        E       F      G
               +--------+--------+--------+--------+--------+-----+--------+
         Total |   1485 |   1452 |     33 |    174 |    637 |   3 |  495.0 |
       Dungeon |   1485 |   1452 |     33 |    174 |    637 |   3 |  495.0 |
               +--------+--------+--------+--------+--------+-----+--------+

Top non-repeatable levels by time:
     D:2: 793 daAuts
     D:1: 594 daAuts
     D:3: 97 daAuts
